 Dungeon Crawl Stone Soup version 0.14.2-1-g46dc7f8a84 (webtiles) character file.

6764 Hugehornet the Unseen (level 10, -4/44 HPs)
             Began as a Spriggan Artificer on May 14, 2020.
             Was an Initiate of Nemelex Xobeh.
             Slain by Hugehornet's ghost (11 damage)
             ... on Level 11 of the Dungeon.
             The game lasted 00:41:04 (14694 turns).

Hugehornet the Unseen (Spriggan Artificer)         Turns: 14694, Time: 00:41:05

HP  -4/44        AC 11     Str  7      XL: 10   Next: 66%
MP  28/28        EV 19     Int 17      God: Nemelex Xobeh [......]
Gold 355         SH  0     Dex 21      Spells:  0 memorised,  9 levels left

rFire  . . .     SeeInvis +     v - +5,+3 short sword (protect) (curse)
rCold  . . .     Clarity  .     F - +2 robe {rN+}
rNeg   + . .     Conserve .     (shield restricted)
rPois  .         rCorr    .     (helmet restricted)
rElec  .         rRot     .     r - +0 cloak
SustAb . .       Spirit   .     (gloves unavailable)
rMut   .         Warding  .     (boots unavailable)
Saprov . . .     Stasis   .     (no amulet)
MR     +....                    w - +4 ring of intelligence
                                c - +1 ring of protection

@: studying Throwing, very quick, somewhat resistant to hostile enchantments,
extraordinarily stealthy
A: unfitting armour, see invisible, herbivore 3, speed 3, slow metabolism 2
a: Renounce Religion


You were on level 11 of the Dungeon.
You worshipped Nemelex Xobeh.
Nemelex Xobeh was noncommittal.
You were not hungry.

You visited 1 branch of the dungeon, and saw 11 of its levels.

You collected 721 gold pieces.
You spent 366 gold pieces at shops.

Inventory:

Hand weapons
 a - a +0,+0 short sword
 d - a +2,+0 short sword of flaming
 g - a +0,-1 dagger of draining
 h - a +0,+0 cutlass
 v - a cursed +5,+3 short sword of protection (weapon)
 y - a +0,+1 dagger of venom
 E - a +2,+3 dagger of chaos
Armour
 r - a +0 cloak (worn)
 F - a +2 robe of positive energy (worn)
Magical devices
 p - a wand of draining (1)
 A - a wand of flame (5)
 B - a wand of frost (10)
 C - a wand of disintegration (0)
Comestibles
 b - 3 bread rations
Scrolls
 j - 2 scrolls of recharging
 k - a scroll of fear {unknown}
 m - 3 scrolls of enchant armour
 n - 2 scrolls of teleportation
 s - 5 scrolls of blinking
 t - 3 scrolls of enchant weapon I
 u - a scroll of remove curse
 x - a scroll of fog {unknown}
 H - a scroll of random uselessness {unknown}
Jewellery
 c - a +1 ring of protection (left hand)
 l - an uncursed ring of fire
 o - an uncursed ring of poison resistance
 w - a +4 ring of intelligence (right hand)
 G - a +1 ring of intelligence
Potions
 f - a potion of porridge
 i - 7 potions of curing
 q - 3 potions of invisibility
 z - a potion of restore abilities {unknown}
 D - a potion of cure mutation {unknown}
Books
 e - a manual of Throwing


   Skills:
 - Level 0.7 Fighting
 + Level 8.9 Short Blades
 - Level 3.0 Dodging
 * Level 16.6 Stealth
 + Level 12.0 Evocations


You had 9 spell levels left.
You didn't know any spells.

Dungeon Overview and Level Annotations

Branches:
Dungeon (11/15)            Temple (0/1) D:7             Orc (0/4) D:10
   Lair (0/8) D:10

Altars:
Ashenzari
Dithmenos
Fedhas
Makhleb
Nemelex Xobeh
Okawaru
Sif Muna
Vehumet
Yredelemnul

Shops:
D:8 *:   D:10 :

Annotations:
D:11 Hugehornet's ghost, experienced OpTm


Innate Abilities, Weirdness & Mutations

You are tiny and cannot use many weapons and most armour.
You have supernaturally acute eyesight.
You are a herbivore.
You cover ground extremely quickly.
You need consume almost no food.


Message History

You miss Hugehornet's ghost.
Hugehornet's ghost is severely damaged.
You closely miss Hugehornet's ghost.
Hugehornet's ghost is severely damaged.
Hugehornet's ghost hits you but does no damage.
You miss Hugehornet's ghost.
Hugehornet's ghost is severely damaged.
Hugehornet's ghost whispers, "Meet the emptiness of death!"
Hugehornet's ghost hits you.
You miss Hugehornet's ghost.
Hugehornet's ghost is severely damaged.
You miss Hugehornet's ghost.
Hugehornet's ghost is severely damaged.
Hugehornet's ghost hits you!
* * * LOW HITPOINT WARNING * * *
You miss Hugehornet's ghost.
Hugehornet's ghost is severely damaged.
Hugehornet's ghost hits you!
You die...
Your body disappears without a glow.

# ########.#
#.....@..#
#.#####p.......
#.# ..##### #.#
..# #.# ..# #.#
..# #.# ... #.#
#.# #.#


You could see Hugehornet's ghost.

Vanquished Creatures
  A hill giant (D:10)
  A gargoyle (D:10)
  Psyche (D:9)
  A troll (D:10)
  Eustachio (D:4)
  A hippogriff (D:10)
  2 hungry ghosts
  5 yaks (D:9)
  An ice beast (D:8)
  A black bear (D:10)
  3 sky beasts
  6 ogres
  3 orc warriors
  3 phantoms
  A deep elf mage (D:7)
  2 giant frogs (D:8)
  Blork the orc (D:7)
  A hippogriff zombie (D:10)
  6 killer bees (D:9)
  An eye of draining (D:10)
  3 centaurs
  4 scorpions
  A yak skeleton (D:10)
  8 crimson imps
  5 hounds
  2 jellies
  8 orc wizards
  Crazy Yiuf (D:2)
  5 worker ants
  A killer bee zombie (D:9)
  2 iguanas
  Ijyb (D:6)
  2 hound zombies (D:10)
  A mummy (D:10)
  A hound skeleton (D:8)
  3 orc priests
  3 gnolls (D:7)
  12 adders
  6 shadow imps
  2 white imps (D:9)
  2 giant mites
  2 worms
  An orc skeleton (D:9)
  An adder skeleton (D:4)
  5 giant geckos
  2 oozes (D:3)
  36 orcs
  A bat zombie (D:5)
  2 giant cockroaches (D:3)
  7 goblins
  15 hobgoblins
  13 jackals
  12 kobolds
  5 quokkas
  12 bats
  5 giant newts
  2 giant spores
  A hobgoblin skeleton (D:8)
  A kobold zombie (D:6)
  14 rats
  3 ballistomycetes (D:7)
  2 plants
257 creatures vanquished.

Vanquished Creatures (collateral kills)
  A phantom (D:4)
1 creature vanquished.

Vanquished Creatures (others)
  A jelly (D:8)
1 creature vanquished.

Grand Total: 259 creatures vanquished

Notes
Turn   | Place    | Note
--------------------------------------------------------------
     0 | D:1      | Hugehornet, the Spriggan Artificer, began the quest for the Orb.
     0 | D:1      | Reached XP level 1. HP: 9/9 MP: 2/2
   920 | D:1      | Reached XP level 2. HP: 12/14 MP: 5/5
  1710 | D:2      | Reached XP level 3. HP: 15/17 MP: 8/8
  2280 | D:2      | Noticed Crazy Yiuf
  2300 | D:2      | Killed Crazy Yiuf
  2300 | D:2      | Reached XP level 4. HP: 11/21 MP: 11/11
  2745 | D:3      | Reached skill level 5 in Evocations
  3104 | D:3      | Reached skill level 5 in Stealth
  3274 | D:3      | Reached XP level 5. HP: 16/25 MP: 14/14
  3618 | D:4      | Noticed a phantom
  3758 | D:4      | Noticed a phantom
  3979 | D:4      | Killed a phantom
  3979 | D:4      | Reached skill level 6 in Stealth
  4228 | D:4      | Noticed a phantom
  4240 | D:4      | Killed a phantom
  4240 | D:4      | Reached skill level 7 in Stealth
  4240 | D:4      | Reached XP level 6. HP: 27/29 MP: 16/18
  4398 | D:4      | Noticed a phantom
  4732 | D:4      | Reached skill level 8 in Stealth
  4732 | D:4      | Reached XP level 7. HP: 29/32 MP: 20/20
  5052 | D:4      | Found a sparkling altar of Nemelex Xobeh.
  5067 | D:4      | Became a worshipper of Nemelex Xobeh the Trickster
  5583 | D:4      | Noticed Eustachio
  5586 | D:4      | Killed Eustachio
  5586 | D:4      | Reached skill level 9 in Stealth
  6040 | D:5      | Entered Level 5 of the Dungeon
  6232 | D:5      | Found a shattered altar of Ashenzari.
  6744 | D:6      | Received a gift from Nemelex Xobeh
  6751 | D:6      | Found a blossoming altar of Fedhas.
  6767 | D:6      | Reached skill level 10 in Stealth
  6975 | D:6      | Reached skill level 5 in Short Blades
  7249 | D:6      | Found a radiant altar of Vehumet.
  7311 | D:7      | Reached XP level 8. HP: 37/37 MP: 20/22
  7323 | D:7      | Found a shadowy altar of Dithmenos.
  7336 | D:7      | Found a staircase to the Ecumenical Temple.
  7717 | D:7      | Found an iron altar of Okawaru.
  7720 | D:7      | Found a deep blue altar of Sif Muna.
  7723 | D:7      | Found a basalt altar of Yredelemnul.
  8330 | D:7      | Reached skill level 11 in Stealth
  8511 | D:7      | Noticed a deep elf mage
  8522 | D:7      | Killed a deep elf mage
  8961 | D:6      | Noticed Ijyb
  8977 | D:6      | Killed Ijyb
  9528 | D:7      | Reached skill level 12 in Stealth
  9702 | D:7      | Noticed Blork the orc
  9705 | D:7      | Killed Blork the orc
  9801 | D:8      | Found Schagh's Demolitions Depot.
 10009 | D:8      | Bought a wand of frost (10) for 72 gold pieces
 10009 | D:8      | Bought a wand of disintegration (17) for 252 gold pieces
 10009 | D:8      | Bought a scroll of immolation for 42 gold pieces
 10279 | D:8      | Reached XP level 9. HP: 28/40 MP: 25/25
 10503 | D:8      | Found Geichisu's Book Shop.
 10506 | D:8      | Reached skill level 13 in Stealth
 10899 | D:8      | Reached skill level 10 in Evocations
 11179 | D:9      | Noticed Psyche
 11182 | D:9      | Killed Psyche
 11182 | D:9      | Reached skill level 14 in Stealth
 11841 | D:9      | Reached XP level 10. HP: 39/44 MP: 27/27
 11927 | D:9      | Reached skill level 15 in Stealth
 12206 | D:9      | Found a burning altar of Makhleb.
 12527 | D:9      | HP: 2/44 [yak (14)]
 13489 | D:10     | Entered Level 10 of the Dungeon
 14105 | D:10     | Found a staircase to the Lair.
 14110 | D:10     | Reached skill level 16 in Stealth
 14132 | D:10     | Found a staircase to the Orcish Mines.
 14413 | D:10     | Noticed a hill giant
 14477 | D:10     | Found Kloiggo's Book Shop.
 14493 | D:10     | Killed a hill giant
 14673 | D:11     | Noticed Hugehornet's ghost (experienced OpTm)
 14694 | D:11     | Slain by Hugehornet's ghost

Action                   |  1- 3 |  4- 6 |  7- 9 | 10-12 || total
-------------------------+-------+-------+-------+-------++-------
Melee: Short sword       |   217 |   185 |   369 |   195 ||   966
       Dagger            |       |       |   570 |       ||   570
       Cutlass           |       |       |   148 |       ||   148
Evoke: Wand              |       |    21 |    28 |    20 ||    69
       Deck              |       |       |     7 |       ||     7
  Use: Scroll            |     1 |     6 |     6 |       ||    13
       Potion            |       |       |     5 |     1 ||     6
 Stab: Sleeping          |     4 |     9 |    34 |    15 ||    62
       Distracted        |       |     2 |     4 |       ||     6
       Invisible         |       |       |     1 |       ||     1
